 Dungeon Crawl Stone Soup version 0.23.2-1-ga50397a (webtiles) character file.

Game seed: 16353853084527537697

2096 dhn the Cleaver (level 9, 0/75 HPs)
             Began as a Minotaur Fighter on May 1, 2019.
             Slain by an orc warrior
             ... wielding a +0 war axe
              (19 damage)
             ... on level 7 of the Dungeon.
             The game lasted 00:10:00 (6110 turns).

dhn the Cleaver (Minotaur Fighter)                  Turns: 6110, Time: 00:10:01

Health: 0/75       AC: 14    Str: 21    XL:     9   Next: 7%
Magic:  8/8        EV:  6    Int:  7    God:
Gold:   96         SH: 11    Dex: 11    Spells: 5/8 levels left

rFire    . . .     SeeInvis .   E - +0 broad axe
rCold    . . .     Gourm    .   c - +0 shield
rNeg     . . .     Faith    .   H - +0 plate armour
rPois    .         Spirit   .   (helmet restricted)
rElec    .         Reflect  .   K - scarf {cloud immunity}
rCorr    .         Harm     .   (no gloves)
MR       .....                  I - +0 pair of boots (curse)
Stlth    ..........             (no amulet)
HPRegen  0.22/turn              (no ring)
MPRegen  0.11/turn              (no ring)

@: no status effects
A: retaliatory headbutt, horns 2
a: no special abilities


You were on level 7 of the Dungeon.
You were not hungry.

You visited 1 branch of the dungeon, and saw 7 of its levels.

You collected 316 gold pieces.
You spent 220 gold pieces at shops.

Inventory:

Hand Weapons
 a - a +0 war axe
 E - a +0 broad axe (weapon)
Armour
 b - a +0 scale mail
 c - a +0 shield (worn)
 H - a +0 plate armour (worn)
 I - a cursed +0 pair of boots (worn)
 K - a scarf of cloud immunity (worn)
Jewellery
 B - an uncursed ring of ice {unknown}
 C - a cursed amulet of inaccuracy {unknown}
Wands
 q - a wand of flame (38)
 u - a wand of paralysis (10)
 y - a wand of iceblast (8)
 F - a wand of acid (9)
Scrolls
 e - 3 scrolls of remove curse {unknown}
 h - 3 scrolls of blinking
 j - a scroll of fog {unknown}
 k - 4 scrolls of enchant weapon {unknown}
 m - 3 scrolls of amnesia {unknown}
 o - 7 scrolls of identify
 p - 2 scrolls of enchant armour {unknown}
 r - 2 scrolls of fear {unknown}
 t - 4 scrolls of teleportation
 x - 3 scrolls of noise
 D - 2 scrolls of magic mapping
Potions
 d - a potion of might
 g - a potion of resistance {unknown}
 i - 2 potions of brilliance {unknown}
 l - 6 potions of curing {unknown}
 n - 2 potions of lignification {unknown}
 s - a potion of cancellation {unknown}
 v - a potion of agility {unknown}
 w - a potion of flight {unknown}
 z - 2 potions of mutation {unknown}
 A - a potion of haste {unknown}
 G - a potion of degeneration {unknown}
Comestibles
 f - 14 rations


   Skills:
 + Level 6.0 Fighting
 + Level 8.9 Axes
 + Level 7.5 Armour
 + Level 2.8 Dodging
 + Level 0.1 Stealth
 + Level 8.1 Shields
 + Level 0.2 Evocations


You had 5 spell levels left.
You knew the following spells:

 Your Spells              Type           Power        Failure   Level  Hunger
a - Gell's Gravitas       Tloc           #.........   100%        3    ####...

Your spell library contained the following spells:

 Spells                   Type           Power        Failure   Level  Hunger
 Confusing Touch          Hex            #.....       100%        1    ##.....
 Summon Small Mammal      Summ           #...         100%        1    ##.....
 Call Imp                 Summ           #.......     100%        2    ###....
 Call Canine Familiar     Summ           #.......     100%        3    ####...
 Confuse                  Hex            #.......     100%        3    ####...
 Summon Guardian Golem    Hex/Summ       #.......     100%        3    ####...
 Petrify                  Tmut/Erth      #.......     100%        4    #####..
 Summon Ice Beast         Ice/Summ       #.......     100%        4    #####..
 Summon Lightning Spire   Summ/Air       #.......     100%        4    #####..
 Metabolic Englaciation   Hex/Ice        #.........   100%        5    ######.
 Yara's Violent Unravell  Hex/Tmut       #.........   100%        5    ######.


Dungeon Overview and Level Annotations

Branches:
Dungeon (7/15)             Temple (0/1) D:6

Altars:
Ashenzari
Elyvilon
Makhleb
Nemelex Xobeh
Ru
Trog

Shops:
D:5 :?


Innate Abilities, Weirdness & Mutations

You reflexively headbutt those who attack you in melee.
You have a pair of horns on your head.


Message History

Your headbutt misses the orc warrior.
The orc warrior is lightly wounded.
You block the orc warrior's attack.
You closely miss the orc warrior.
The orc warrior is lightly wounded.
The orc warrior hits you with a +0 war axe.
Your plate armour prevents you from hitting the orc warrior.
Your headbutt misses the orc warrior.
The orc warrior is lightly wounded.
The orc warrior hits you with a +0 war axe!
* * * LOW HITPOINT WARNING * * *
You hit the orc warrior.
You headbutt the orc warrior, but do no damage.
The orc warrior is moderately wounded.
The orc warrior hits you but does no damage.
You hit the orc warrior but do no damage.
You headbutt the orc warrior, but do no damage.
The orc warrior is moderately wounded.
The orc warrior hits you with a +0 war axe!!
You die...

≈..≈.8.≈§8.≈.8.
§§≈.≈.≈.≈.≈.§.≈.
≈§...≈...≈...≈..
≈§≈.≈.≈.≈.§.≈.§.
###≈≈§...§§8§§...≈≈
#.##§≈≈.≈§≈.§.≈.≈≈≈
#..##≈≈≈.)o§...≈≈≈#
#...##≈§≈@§§≈§≈≈≈#
##....##≈≈§.§§§≈≈#
#......##≈≈.§§§§##
#.......###'''###
#.##...........# ..
#.##....######.#
#.. ####....# ...
## #.# ##...# ).##.
#.# #...## ..#..
#.#


You could see an orc warrior.

Vanquished Creatures
  Eustachio (D:6)
  Sigmund (D:6)
  Edmund (D:6)
  Duvessa (D:4)
  An orc warrior (D:6)
  2 ogres
  A centaur (D:7)
  A big kobold (D:7)
  2 bullfrogs (D:6)
  Dowan (D:4)
  A scorpion (D:5)
  A bullfrog zombie (D:6)
  A crimson imp (D:5)
  3 hounds
  4 orc priests
  A jelly (D:6)
  5 orc wizards
  A bullfrog skeleton (D:5)
  2 centaur skeletons (D:4)
  Ijyb (D:4)
  Natasha (thrice) (D:2)
  Terence (D:3)
  2 hound skeletons
  Robin (D:4)
  4 gnolls
  5 adders
  2 oozes
  2 adder skeletons (D:4)
  2 worms
  4 dart slugs
  5 leopard geckos
  31 orcs
  3 giant cockroaches
  13 goblins
  11 hobgoblins
  12 kobolds
  A quokka (D:7)
  2 ball pythons (D:2)
  9 bats
  6 frilled lizards
  A leopard gecko skeleton (D:6)
  7 rats
159 creatures vanquished.

Notes
Turn   | Place    | Note
-------+----------+-------------------------------------------
     0 | D:1      | dhn the Minotaur Fighter began the quest for the Orb.
     0 | D:1      | Reached XP level 1. HP: 19/19 MP: 0/0
    85 | D:1      | Reached XP level 2. HP: 21/27 MP: 1/1
   864 | D:2      | Reached XP level 3. HP: 29/33 MP: 2/2
   917 | D:2      | Noticed Natasha
   927 | D:2      | Killed Natasha
   966 | D:2      | Noticed Natasha
   971 | D:2      | Killed Natasha
   971 | D:2      | Reached skill level 5 in Armour
   971 | D:2      | Reached XP level 4. HP: 31/40 MP: 3/3
   973 | D:2      | Noticed Natasha
   979 | D:2      | Killed Natasha
   979 | D:2      | Reached skill level 1 in Dodging
  1287 | D:2      | Found a white marble altar of Elyvilon.
  1287 | D:2      | Found a burning altar of Makhleb.
  1354 | D:3      | Reached XP level 5. HP: 42/46 MP: 4/4
  1703 | D:3      | Noticed Terence
  1719 | D:3      | Killed Terence
  1922 | D:3      | Reached skill level 5 in Shields
  2195 | D:3      | Reached XP level 6. HP: 52/52 MP: 5/5
  2930 | D:4      | Reached skill level 5 in Axes
  2994 | D:4      | Reached XP level 7. HP: 46/60 MP: 6/6
  3107 | D:4      | Noticed Dowan
  3110 | D:4      | Noticed Duvessa
  3112 | D:4      | Noticed Robin
  3121 | D:4      | Killed Duvessa
  3125 | D:4      | Killed Dowan
  3126 | D:4      | Killed Robin
  3377 | D:4      | Noticed Ijyb
  3551 | D:4      | Killed Ijyb
  3756 | D:5      | Entered Level 5 of the Dungeon
  3784 | D:5      | Found Xopekuime's Book Emporium.
  3822 | D:5      | Learned a level 3 spell: Gell's Gravitas
  3848 | D:5      | Found Ubof's Magic Scroll Emporium.
  3871 | D:5      | Found a sacrificial altar of Ru.
  3872 | D:5      | Bought a scroll of blinking for 97 gold pieces
  3872 | D:5      | Bought a scroll of magic mapping for 45 gold pieces
  3872 | D:5      | Bought a scroll of teleportation for 39 gold pieces
  3872 | D:5      | Bought a scroll of noise for 13 gold pieces
  3890 | D:5      | Found a sparkling altar of Nemelex Xobeh.
  3952 | D:5      | Found Lixeg's Armour Emporium.
  3973 | D:5      | Reached skill level 5 in Fighting
  3973 | D:5      | Reached XP level 8. HP: 59/68 MP: 7/7
  4201 | D:5      | Found a shattered altar of Ashenzari.
  4418 | D:5      | Bought a scroll of identify for 26 gold pieces
  5426 | D:6      | Found a white marble altar of Elyvilon.
  5450 | D:6      | Found a staircase to the Ecumenical Temple.
  5469 | D:6      | Noticed Eustachio
  5531 | D:6      | Killed Eustachio
  5656 | D:6      | Noticed Edmund
  5666 | D:6      | Killed Edmund
  5693 | D:6      | Noticed Sigmund
  5696 | D:6      | Killed Sigmund
  5741 | D:6      | Found a bloodstained altar of Trog.
  5865 | D:7      | Reached XP level 9. HP: 66/75 MP: 8/8
  6110 | D:7      | Slain by an orc warrior

Skill      XL: |  1  2  3  4  5  6  7  8  9 |
---------------+----------------------------+-----
Armour         | 4 5 6 7 |  7.5
Shields        | 4 5 6 8 |  8.1
Fighting       | 4 5 6 |  6.0
Axes           | 3 4 5 7 8 |  8.9
Dodging        | 1 2 |  2.8
Stealth        | |  0.1
Evocations     | |  0.2

Action                   |  1- 3 |  4- 6 |  7- 9 || total
-------------------------+-------+-------+-------++-------
Melee: War axe           |    73 |   122 |    40 ||   235
       Headbutt          |     8 |    22 |    40 ||    70
       Broad axe         |       |       |   195 ||   195
Evoke: Wand              |       |       |     2 ||     2
  Eat: Chunk             |       |     4 |     6 ||    10
       Ration            |       |     1 |     1 ||     2
Armor: Scale mail        |    24 |    51 |    32 ||   107
       Plate armour      |       |       |   148 ||   148
Dodge: Dodged            |    21 |    48 |    97 ||   166
Block: Shield            |    32 |    81 |   190 ||   303
